Map: Neon Violet Square LE

Players

Infamous - Winner!

  • Race: Protoss Protoss
  • League: Gold
  • Spawn Location: 5:00

Sprite

  • Race: Terran Terran
  • League: Silver
  • Spawn Location: 11:00

VOD

Have the link to the VOD?

Description

Time

  • Played on: April 12, 2018, 9:54 a.m.
  • Length: 9:26
Show
View Real Time Build Order
Export as new Build Order

Infamous Protoss - Winner!

Build Orders: 1 Gate Expand 

Get SALT Encoding   

  12  0:01  Probe  
  13  0:14  Pylon  
  13  0:18  Probe (Chrono Boost)  
  14  0:28  Probe (Chrono Boost)  
  15  0:35  Gateway  
  15  0:38  Probe  
  16  0:51  Probe  
  16  0:54  Assimilator  
  18  1:04  Probe  
  18  1:23  Nexus  
  18  1:25  Probe  
  19  1:47  Assimilator  
  19  1:49  Pylon  
  19  1:56  Cybernetics Core  
  19  1:57  Probe  
  19  2:14  Assimilator  
  19  2:16  Pylon  
  19  2:17  Probe  
  20  2:31  Adept (Chrono Boost)  
  20  2:32  Gateway  
  20  2:34  Warp Gate  
  22  2:43  Probe (Chrono Boost)  
  24  2:48  Probe (Chrono Boost)  
  24  2:57  Probe (Chrono Boost)  
  24  2:59  Probe (Chrono Boost)  
  24  3:00  Pylon  
  24  3:04  Adept (Chrono Boost)  
  28  3:08  Probe  
  29  3:19  Sentry (Chrono Boost)  
  31  3:22  Probe x2  
  33  3:31  Shield Battery  
  33  3:33  Shield Battery  
  35  3:42  Pylon  
  35  3:46  Adept (Chrono Boost)  
  35  3:54  Stalker (Chrono Boost)  
  37  4:08  Probe x2  
  39  4:12  Gateway  
  39  4:13  Gateway  
  39  4:20  Probe x2  
  41  4:28  Robotics Facility  
  41  4:46  Probe x2  
  41  4:51  Stalker x2  
  41  4:52  Assimilator  
  47  5:16  Observer (Chrono Boost)  
  48  5:28  Pylon  
  48  5:31  Forge  
  48  5:32  Probe x2  
  48  5:35  Zealot x4  
  58  5:54  Stalker  
  58  5:55  Stalker  
  62  6:05  Immortal (Chrono Boost)  
  62  6:07  Probe x2  
  68  6:19  Probe x2  
  70  6:32  Photon Cannon  
  70  6:35  Pylon, Photon Cannon  
  70  6:37  Pylon  
  70  6:38  Shield Battery  
  70  7:00  Stalker x4  
  78  7:10  Twilight Council  
  78  7:24  Assimilator  
  78  7:29  Gateway  
  78  7:30  Gateway  
  78  7:33  Gateway  
  78  7:37  Pylon  
  78  7:39  Pylon  
  78  7:42  Pylon  
  78  7:47  Photon Cannon  
  78  7:49  Photon Cannon  
  74  7:54  Immortal (Chrono Boost), Photon Cannon  
  78  7:58  Robotics Bay  
  78  8:09  Sentry x4  
  86  8:22  Photon Cannon  
  86  8:25  Photon Cannon  
  86  8:35  Stalker x3  
  72  8:54  Stalker x3  
  60  8:57  Zealot  
  45  9:09  Probe x2  
  45  9:15  Stalker  
  46  9:24  Stalker  
Show
View Real Time Build Order
Export as new Build Order

Sprite Terran 

Build Orders: MMM Bio 

Get SALT Encoding   

  12  0:15  SCV  
  12  0:18  Supply Depot  
  13  0:24  Refinery  
  13  0:27  SCV  
  14  0:42  Barracks  
  14  0:46  SCV  
  15  1:00  SCV  
  16  1:16  SCV  
  17  1:29  Supply Depot, SCV  
  17  1:31  Barracks Tech Lab  
  18  1:42  Orbital Command  
  18  1:57  Marine  
  19  2:01  Barracks  
  19  2:23  Command Center  
  19  2:37  Stimpack  
  19  2:45  SCV  
  19  2:49  Marine  
  21  2:58  Barracks Reactor  
  21  3:05  Barracks  
  21  3:06  SCV  
  21  3:07  Marine  
  23  3:19  Supply Depot  
  23  3:27  Marine  
  24  3:39  SCV  
  25  3:42  Supply Depot, Marine x2  
  25  3:45  Marine  
  28  3:51  SCV, Engineering Bay  
  28  3:54  Barracks Reactor  
  29  4:00  Marine x2  
  31  4:03  Marine, SCV  
  31  4:05  Supply Depot  
  33  4:15  SCV  
  34  4:18  Marine  
  35  4:24  Barracks  
  35  4:26  Factory  
  35  4:27  Marine, SCV  
  37  4:32  Marine  
  37  4:34  Marine  
  39  4:39  SCV  
  39  4:42  Marine  
  42  4:45  Marine  
  42  4:47  Marauder  
  42  4:50  Marine  
  42  4:52  Marine  
  46  4:57  Supply Depot  
  46  5:02  SCV  
  47  5:08  Refinery  
  47  5:09  Marine  
  48  5:14  Barracks Tech Lab, SCV  
  48  5:17  Marauder  
  48  5:19  Marine  
  52  5:21  Marine  
  52  5:26  SCV  
  54  5:30  Terran Infantry Weapons Level 1  
  54  5:33  Supply Depot  
  54  5:40  Marauder  
  54  5:42  Marine x2  
  56  5:43  Marine  
  59  5:53  Marine  
  59  5:54  Marine  
  61  6:00  Marine x3  
  61  6:01  Marine  
  65  6:09  Factory Tech Lab  
  65  6:11  Marine x2  
  65  6:12  Factory Reactor  
  67  6:24  Marine x3, Starport  
  67  6:25  Marine  
  71  6:29  Marine x2  
  71  6:32  Orbital Command  
  73  6:42  Marine x3  
  76  6:54  Supply Depot  
  76  6:58  Marauder  
  76  6:59  Marine x2  
  76  7:00  Marine  
  81  7:10  Marine x2, Refinery  
  81  7:15  Combat Shields  
  83  7:16  Supply Depot, Marine  
  83  7:17  Marauder  
  83  7:20  Marauder  
  83  7:32  Reaper  
  83  7:35  Marine x2  
  83  7:36  Marine  
  82  7:38  Marine  
  82  7:41  Marine  
  84  7:58  Marine x5  
  88  8:04  Marine  
  90  8:15  Marine  
  90  8:16  Marine x4  
  95  8:40  Marine x2  
  95  8:43  Marauder  
Tags
 
Add a new tag
Caveats
  • Supply blocks, unpowered buildings, or Contaminate may cause inaccurate times.
  • Supply counts are checked every 10 seconds.